[Event "Team 45 45 League T68"]
[Site "Internet Chess Club"]
[Date "2016.03.21"]
[Round "2"]
[White "joaoazm"]
[Black "stantheman59"]
[Result "1-0"]
[WhiteElo "1125"]
[BlackElo "1223"]
[Opening "Ponziani: Jaenisch counter-attack"]
[ECO "C44"]
[Time "21:04:21"]
[TimeControl "2700+45"]

1. e4 Nc6 2. Nf3 e5 3. c3 Nf6 4. Bd3 Bc5 5. Qe2 d6 6. Bb5 Bd7 7. d3 a6 8. Bxc6
Bxc6 9. b4 Bb6 10. Be3 Bxe3 11. fxe3 a5 12. O-O axb4 13. cxb4 O-O 14. a3 Re8 15.
Nc3 Re6 16. b5 Bd7 17. a4 h6 18. h3 c6 19. Nh4 Qa5 20. Qb2 Qb6 21. Rf3 Ree8 22.
Nf5 Bxf5 23. Rxf5 Qxe3+ 24. Qf2 Qxd3 25. Qf3 Qxf3 26. Rxf3 cxb5 27. Nxb5 Red8
28. Re3 b6 29. Nc7 Rac8 30. Nd5 Nxd5 31. exd5 Rc5 32. Rb3 Rxd5 33. Rxb6 e4 34.
a5 Rc5 35. a6 Rcc8 36. a7 Ra8 37. Rb7 d5 38. Rab1 Kh7 39. Rb8 Rxa7 40. Rxd8 Ra5
41. Rd1 f5 42. R8xd5 Rxd5 43. Rxd5 Kg6 44. Kf1 Kg5 45. Ke2 Kf4 46. g3+ Kxg3 47.
Rxf5 Kxh3 48. Ke3 Kg4 49. Rf4+ Kg5 50. Rxe4 h5 51. Kf3 g6 52. Kg3 Kf5 53. Rf4+
Kg5 54. Ra4 Kf6 55. Kh4 Kf5 56. Ra5+ Kf4 57. Rg5 {Black resigns} 1-0

[Event "Team 45 45 League T68"]
[Site "Internet Chess Club"]
[Date "2016.03.17"]
[Round "2"]
[White "dabodhi"]
[Black "olivermx"]
[Result "1/2-1/2"]
[WhiteElo "1402"]
[BlackElo "1379"]
[Opening "Scotch gambit: Benima defense"]
[ECO "C44"]
[Time "18:00:11"]
[TimeControl "2700+45"]

1. e4 e5 2. Nf3 Nc6 3. d4 exd4 4. Bc4 Be7 5. c3 d6 6. cxd4 Nf6 7. Nc3 O-O 8. h3
Bd7 9. O-O Na5 10. Bd3 Be6 11. d5 Bd7 12. b4 Nc6 13. dxc6 Bxc6 14. b5 Bd7 15.
Bb2 b6 16. Nd5 Nxd5 17. exd5 Bf6 18. Bxf6 Qxf6 19. Rc1 Rfc8 20. Re1 h6 21. a4
Kh8 22. Qd2 Bxh3 23. gxh3 Qxf3 24. Re3 Qxd5 25. Re2 Qh5 26. Re3 f6 27. Be4 Rab8
28. Bc6 Rd8 29. Rce1 Qg6+ 30. Kf1 Kg8 31. Rg3 Qh5 32. Qd5+ Qxd5 33. Bxd5+ Kf8
34. Rge3 Re8 35. Rxe8+ Rxe8 36. Rxe8+ Kxe8 37. Ke2 Ke7 38. Ke3 f5 39. h4 Kf6 40.
f4 g5 41. fxg5+ hxg5 42. hxg5+ Kxg5 43. Kf3 f4 44. Kf2 Kf5 45. Kf3 Ke5 46. Bc6
Kd4 47. Kxf4 Kc5 48. Be4 Kb4 49. Bc2 Ka5 50. Ke4 a6 51. bxa6 Kxa6 52. Kd5 Ka5
53. Kc6 d5 54. Bb3 d4 55. Bd1 d3 56. Bb3 d2 57. Bd1 Kb4 58. Kxc7 b5 59. axb5
Kxb5 60. Kd6 {Game drawn by mutual agreement} 1/2-1/2

[Event "Team 45 45 League T68"]
[Site "Internet Chess Club"]
[Date "2016.03.17"]
[Round "2"]
[White "Andaluz"]
[Black "jjaillet2007"]
[Result "1-0"]
[WhiteElo "1346"]
[BlackElo "1253"]
[Opening "Polish (Sokolsky) opening"]
[ECO "A00"]
[Time "14:00:19"]
[TimeControl "2700+45"]

1. b4 d6 2. d3 c5 3. c3 b5 4. Nf3 Nc6 5. a3 Nf6 6. g3 Bg4 7. Bg2 Rc8 8. Nbd2 e6
9. Bb2 c4 10. dxc4 bxc4 11. Qa4 d5 12. e3 Bd6 13. O-O O-O 14. Rfe1 Re8 15. e4
Nxe4 16. Nxe4 dxe4 17. Rxe4 Bxf3 18. Bxf3 Ne5 19. Be2 Nd3 20. Bxd3 cxd3 21. Rd4
e5 22. Rxd3 e4 23. Rd5 Qb6 24. Qb5 Qxb5 25. Rxb5 e3 26. f3 e2 27. Re1 Rcd8 28.
Kf2 Bc7 29. Rxe2 Bb6+ 30. Ke1 Rxe2+ 31. Kxe2 Re8+ 32. Kf1 f6 33. Rd5 Kf7 34. c4
Ke6 35. Rd1 Kf5 36. c5 Rd8 37. Rxd8 Bxd8 38. b5 Ke6 39. Ke2 Kd5 40. b6 axb6 41.
cxb6 Bxb6 42. Kd3 Bd8 43. Bd4 h5 44. a4 g5 45. h3 f5 46. g4 fxg4 47. fxg4 h4 48.
Bc3 Kc5 49. Bd2 Kd5 50. a5 Ke5 51. a6 Bb6 52. Bxg5 Kd6 53. Be3 Kc6 54. Bxb6 Kxb6
55. g5 Kxa6 56. g6 {Black resigns} 1-0

[Event "Team 45 45 League T68"]
[Site "Internet Chess Club"]
[Date "2016.03.20"]
[Round "2"]
[White "bhandelman"]
[Black "stasis009"]
[Result "0-1"]
[WhiteElo "1299"]
[BlackElo "1299"]
[Opening "English opening"]
[ECO "A20"]
[Time "15:03:22"]
[TimeControl "2700+45"]

1. c4 e5 2. g3 Nf6 3. Bg2 c6 4. Nc3 d5 5. cxd5 cxd5 6. e3 Nc6 7. Nge2 Bf5 8. Qb3
Nb4 9. e4 dxe4 10. a3 Nd3+ 11. Kd1 Nxf2+ 12. Ke1 Nxh1 13. Bxh1 Qb6 14. Qa4+ Bd7
15. Qc4 Rc8 16. Qa2 Bc6 17. Qc4 Ng4 18. Nxe4 Bxe4 19. Qxc8+ Ke7 20. Bxe4 Qf2+
21. Kd1 Qf1+ 22. Kc2 Qxe2 23. Qxb7+ Kf6 24. Bd5 Ne3+ 25. Kb1 Qd3+ 26. Ka2 Qxd5+
27. Qb3 Qxb3+ 28. Kxb3 Nd5 29. d3 Bd6 30. Bd2 Rb8+ 31. Ka2 g5 32. Rf1+ Kg6 33.
g4 Nf4 34. Rc1 Nxd3 35. Rc2 e4 36. b4 Bf4 37. Rc6+ f6 38. Bc3 Rf8 39. Re6 e3 40.
Kb1 Be5 41. Kc2 Rd8 42. b5 e2 43. b6 axb6 {White resigns} 0-1

[Event "Team 45 45 League T68"]
[Site "Internet Chess Club"]
[Date "2016.03.20"]
[Round "2"]
[White "oldbookseller"]
[Black "wildangels"]
[Result "0-1"]
[WhiteElo "1046"]
[BlackElo "1103"]
[Opening "Queen's pawn: English defense"]
[ECO "A40"]
[Time "19:00:24"]
[TimeControl "2700+45"]

1. d4 b6 2. e3 Bb7 3. Nf3 d6 4. Bd3 g6 5. Nbd2 Nf6 6. O-O Bg7 7. b3 Nbd7 8. Bb2
e6 9. e4 O-O 10. e5 Nh5 11. Qe2 Nf4 12. Qe3 Nxd3 13. Qxd3 dxe5 14. dxe5 Bd5 15.
Ng5 Qxg5 16. g3 Nxe5 17. Qd4 Nf3+ 18. Nxf3 Bxd4 19. Nxg5 Bxb2 20. Rae1 Bf6
{White resigns} 0-1

[Event "Team 45 45 League T68"]
[Site "Internet Chess Club"]
[Date "2016.03.19"]
[Round "2"]
[White "MasterD"]
[Black "Electryon"]
[Result "1/2-1/2"]
[WhiteElo "1470"]
[BlackElo "1430"]
[Opening "French: Rubinstein variation"]
[ECO "C10"]
[Time "19:13:06"]
[TimeControl "2700+45"]

1. e4 e6 2. d4 d5 3. Nc3 dxe4 4. Nxe4 Be7 5. Nf3 Nf6 6. Bd3 Nxe4 7. Bxe4 Nd7 8.
O-O c5 9. Bf4 Nf6 10. Bd3 cxd4 11. Bb5+ Bd7 12. Bxd7+ Qxd7 13. Qxd4 Qxd4 14.
Nxd4 O-O 15. Nf3 Rfd8 16. Rad1 Nd5 17. Bg3 Nb4 18. Rxd8+ Rxd8 19. c3 Nc6 20. h3
f6 21. Re1 e5 22. Kf1 b5 23. Nh4 g6 24. Nf3 Bc5 25. Bh4 Kf7 26. Nh2 h5 27. Bg3
Ne7 28. Nf3 Nf5 29. Bh2 g5 30. Nxe5+ Kg7 31. Nc6 Rd2 32. Re2 Rd1+ 33. Re1 Rd2
34. Re2 Rd1+ 35. Re1 Rd2 36. Re2 Rd1+ 37. Re1 {Game drawn by repetition} 1/2-1/2

[Event "Team 45 45 League T68"]
[Site "Internet Chess Club"]
[Date "2016.03.20"]
[Round "2"]
[White "princevultan2"]
[Black "artspir"]
[Result "1-0"]
[WhiteElo "1197"]
[BlackElo "1185"]
[Opening "Caro-Kann: classical variation"]
[ECO "B18"]
[Time "10:20:25"]
[TimeControl "2700+45"]

1. e4 c6 2. d4 d5 3. Nc3 dxe4 4. Nxe4 Bf5 5. Nc3 Nf6 6. Nf3 e6 7. Bc4 Be7 8. O-O
O-O 9. Bf4 Nbd7 10. Re1 Qb6 11. Rb1 Rad8 12. Be3 Ng4 13. h3 Nxe3 14. fxe3 Nc5
15. b4 Ne4 16. Na4 Qc7 17. Bd3 b5 18. Bxe4 Bxe4 19. Nc3 Bxf3 20. Qxf3 a5 21. a3
Bh4 22. Rf1 axb4 23. Rxb4 Be7 24. Rb3 Ra8 25. Ra1 b4 26. Nb1 c5 27. dxc5 Bxc5
28. c3 Qb6 29. cxb4 Bd6 30. Qe4 Rae8 31. Qd4 Bc5 32. Qxc5 Qxc5 33. bxc5 Rd8 34.
Nc3 Rd3 35. c6 h6 36. c7 Kh7 37. Rb8 Rxc3 38. Rxf8 Rxc7 39. a4 Kg6 40. Kf2 f5
41. a5 e5 42. a6 Ra7 43. Rb8 Kg5 44. Rb7 Ra8 45. a7 e4 46. Rb8 Rxa7 47. Rxa7 f4
48. Rxg7+ Kh4 49. Re7 {Black resigns} 1-0

[Event "Team 45 45 League T68"]
[Site "Internet Chess Club"]
[Date "2016.03.19"]
[Round "2"]
[White "RobertBuice"]
[Black "RohitC"]
[Result "1-0"]
[WhiteElo "1160"]
[BlackElo "992"]
[Opening "QGD: Marshall defense"]
[ECO "D06"]
[Time "15:00:17"]
[TimeControl "2700+45"]

1. d4 d5 2. c4 Nf6 3. Nf3 Bf5 4. Nc3 e6 5. Bg5 Be7 6. cxd5 exd5 7. Qb3 Nc6 8.
Qxb7 Bd7 9. Bxf6 Bxf6 10. Nxd5 Bxd4 11. Nxc7+ Kf8 12. Nxa8 Bf6 13. O-O-O Bg5+
14. Nxg5 Qxg5+ 15. e3 Qc5+ 16. Kb1 Bf5+ 17. Bd3 Nb4 18. Qb8+ Ke7 19. Rc1 Bxd3+
20. Ka1 Nc2+ 21. Rxc2 Qxc2 22. Qe5+ Kf8 23. Qb8+ Ke7 24. Qxh8 Qxf2 25. Qb8 Qxg2
26. Qc7+ Kf6 27. Rc1 Be4 28. Qf4+ Kg6 29. Qd6+ f6 30. Qg3+ Kh5 31. Qxg2 Bxg2 32.
Rc5+ g5 33. Nc7 h6 34. Ne6 Bh3 35. Nf4+ Kh4 36. Nxh3 Kxh3 37. Rc6 Kxh2 38. Rxf6
h5 39. Rf5 g4 40. Rxh5+ Kg2 41. Rg5 g3 42. e4 Kf2 43. e5 g2 44. Rxg2+ Kxg2 45.
e6 Kf3 46. e7 Kf4 47. e8=Q {Black resigns} 1-0

[Event "Team 45 45 League T68"]
[Site "Internet Chess Club"]
[Date "2016.03.18"]
[Round "2"]
[White "fishhead"]
[Black "modiglani"]
[Result "1-0"]
[WhiteElo "1807"]
[BlackElo "1926"]
[Opening "Scandinavian defense"]
[ECO "B01"]
[Time "13:59:01"]
[TimeControl "2700+45"]

1. e4 d5 2. exd5 Nf6 3. d4 Bg4 4. Be2 Bxe2 5. Nxe2 Qxd5 6. Nf4 Qe4+ 7. Be3 e5 8.
Nd2 Qf5 9. dxe5 Ng4 10. Nd5 Na6 11. Qf3 Nxe3 12. Nxe3 Qxf3 13. Nxf3 Bc5 14.
O-O-O Bxe3+ 15. fxe3 Ke7 16. Rhf1 h6 17. Nd4 g6 18. Rf6 Nc5 19. Rdf1 Rhf8 20.
Nb5 Ne6 21. h4 a6 22. Nc3 Ng7 23. Nd5+ Kd7 24. Nxc7 {Black resigns} 1-0

[Event "Team 45 45 League T68"]
[Site "Internet Chess Club"]
[Date "2016.03.19"]
[Round "2"]
[White "PolishRyszard"]
[Black "xt"]
[Result "0-1"]
[WhiteElo "1902"]
[BlackElo "1798"]
[Opening "Queen's pawn game, Krause variation"]
[ECO "D02"]
[Time "15:05:05"]
[TimeControl "2700+45"]

1. d4 d5 2. Nf3 c5 3. c3 e6 4. Bf4 Nf6 5. e3 Nc6 6. Nbd2 Bd6 7. dxc5 Bxc5 8. Bd3
Bd6 9. Bg5 h6 10. Bh4 g5 11. Bg3 e5 12. e4 Be6 13. Qe2 Qc7 14. exd5 Nxd5 15. Nc4
Nf4 16. Bxf4 exf4 17. Bf5 O-O 18. Bxe6 Rfe8 19. O-O-O Rxe6 20. Qc2 Bc5 21. Rd5
Ne7 22. Re5 Rc6 23. Qe2 Ng6 24. Re8+ Rxe8 25. Qxe8+ Nf8 26. Rd1 Re6 27. Qb5 Bxf2
28. h3 Bc5 29. Kb1 a6 30. Qb3 b5 31. Ncd2 Qc6 32. Qc2 Re2 33. Qd3 Rxg2 34. Ne4
Be3 35. Ne5 Qe6 36. Ng4 f5 37. Nef6+ Kf7 38. Nxh6+ Kxf6 39. Qd8+ Kg7 40. Qa8 Rg1
{White resigns} 0-1

[Event "Team 45 45 League T68"]
[Site "Internet Chess Club"]
[Date "2016.03.18"]
[Round "2"]
[White "room-matt"]
[Black "THE-WARRIOR"]
[Result "1-0"]
[WhiteElo "1837"]
[BlackElo "1733"]
[Opening "French: Burn variation"]
[ECO "C11"]
[Time "10:08:07"]
[TimeControl "2700+45"]

1. d4 d5 2. Nc3 Nf6 3. Bg5 e6 4. e4 dxe4 5. Nxe4 Be7 6. Bxf6 Bxf6 7. Nf3 O-O 8.
c3 b6 9. Bd3 Be7 10. Qc2 h6 11. O-O-O c5 12. Nxc5 Nc6 13. Ne4 Bb7 14. Rhe1 Rc8
15. a3 Qc7 16. h4 a6 17. Kb1 Na5 18. g3 f5 19. Ned2 Qd6 20. Ne5 Bf6 21. f4 b5
22. b4 Nc6 23. Qb3 Ne7 24. Rc1 Rc7 25. Nef3 Bd5 26. c4 bxc4 27. Nxc4 Qd8 28.
Nfe5 Qb8 29. Qd1 Rfc8 30. Qh5 Bxe5 31. Nxe5 Rxc1+ 32. Rxc1 Rxc1+ 33. Kxc1 Qc8+
34. Kd2 Nc6 35. Qf7+ Kh7 36. Nd7 Nxd4 37. Nf6+ Kh8 38. Nxd5 exd5 39. Qxd5 Nc6
40. Bxf5 Qc7 41. Bd3 Qc8 42. f5 Ne7 43. Qf7 Qd8 44. f6 {Black resigns} 1-0

[Event "Team 45 45 League T68"]
[Site "Internet Chess Club"]
[Date "2016.03.21"]
[Round "2"]
[White "kaiclc"]
[Black "Goli"]
[Result "0-1"]
[WhiteElo "1205"]
[BlackElo "1722"]
[Opening "Modern defense: Averbakh system"]
[ECO "E70"]
[Time "16:00:20"]
[TimeControl "2700+45"]

1. e4 g6 2. d4 Bg7 3. c4 d6 4. Nc3 Nf6 5. Bd3 O-O 6. Bg5 Nbd7 7. Nge2 c5 8. d5
Ne5 9. O-O a6 10. f4 Nxd3 11. Qxd3 b5 12. cxb5 axb5 13. e5 dxe5 14. fxe5 Ng4 15.
d6 Nxe5 16. Qe4 Qa5 17. Bxe7 Re8 18. a4 Bf5 19. Rxf5 gxf5 20. Qxf5 bxa4 21. Rxa4
Qb6 22. d7 c4+ 23. Kh1 Nxd7 24. Qxd7 Qxb2 25. Ba3 Qa1+ 26. Bc1 Qxc3 27. Rxa8
Qe1+ 28. Ng1 Rxa8 29. Qc6 Re8 30. Qxc4 h6 31. Bf4 Qb1 32. h3 Re1 33. Bh2 Rc1 34.
Qh4 Rd1 35. Qa4 Bd4 36. Qe8+ Kg7 37. Be5+ Bxe5 38. Qxe5+ Kh7 39. Qc5 Qe4 40. Qa7
Kg7 41. Qb6 Qd4 42. Qxd4+ Rxd4 43. Nf3 Rd1+ 44. Kh2 f6 45. Ng1 Kg6 46. Nf3 Kf5
47. Nh4+ Kf4 48. g3+ Ke4 49. Ng2 Rd2 50. Kg1 {White resigns} 0-1

[Event "Team 45 45 League T68"]
[Site "Internet Chess Club"]
[Date "2016.03.19"]
[Round "2"]
[White "ChessHouston"]
[Black "Zebbile"]
[Result "1-0"]
[WhiteElo "1930"]
[BlackElo "1907"]
[Opening "Alekhine's defense: exchange variation"]
[ECO "B02"]
[Time "20:00:20"]
[TimeControl "2700+45"]

1. e4 Nf6 2. e5 Nd5 3. c4 Nb6 4. d4 d6 5. exd6 cxd6 6. Bd3 g6 7. Nf3 Bg7 8. Be3
Nc6 9. h3 O-O 10. Nc3 Nb4 11. Be2 Bf5 12. Rc1 Rc8 13. b3 e5 14. a3 Nc6 15. d5
Ne7 16. a4 a6 17. a5 Na8 18. g4 Bd7 19. Ne4 Qxa5+ 20. Qd2 Qa3 21. b4 f5 22. Nxd6
f4 23. Bc5 Rxc5 24. bxc5 e4 25. Nxe4 Qb2 26. Qxb2 Bxb2 27. Rb1 Bg7 28. Rxb7 Rd8
29. O-O Kf8 30. Rfb1 h5 31. Nfg5 hxg4 32. hxg4 Be5 33. Ra7 a5 34. Rbb7 Ke8 35.
c6 Bxc6 36. dxc6 Nxc6 37. Ra6 Rc8 38. c5 Nd4 39. Bc4 Nc6 40. Bf7+ Kf8 41. Ne6#
{Black checkmated} 1-0

[Event "Team 45 45 League T68"]
[Site "Internet Chess Club"]
[Date "2016.03.20"]
[Round "2"]
[White "Timotheous"]
[Black "Signalman"]
[Result "1/2-1/2"]
[WhiteElo "1707"]
[BlackElo "1831"]
[Opening "Réti opening"]
[ECO "A04"]
[Time "11:36:33"]
[TimeControl "2700+45"]

1. Nf3 b6 2. g3 Bb7 3. Bg2 c5 4. c4 g6 5. O-O Bg7 6. Nc3 e6 7. Qc2 Nc6 8. a3 Rc8
9. Nb5 d6 10. Rb1 a6 11. Nc3 Nge7 12. b3 O-O 13. e3 d5 14. Ne2 Nf5 15. Bb2 d4
16. exd4 cxd4 17. d3 e5 18. Nd2 Re8 19. b4 Qd7 20. Rfc1 {Game drawn by mutual
agreement} 1/2-1/2

[Event "Team 45 45 League T68"]
[Site "Internet Chess Club"]
[Date "2016.03.20"]
[Round "2"]
[White "LiangLiang"]
[Black "hewdondada"]
[Result "1-0"]
[WhiteElo "1841"]
[BlackElo "1728"]
[Opening "Scandinavian (center counter) defense"]
[ECO "B01"]
[Time "17:32:25"]
[TimeControl "2700+45"]

1. e4 d5 2. exd5 Qxd5 3. Nc3 Qa5 4. d4 c6 5. Nf3 Nf6 6. Bd2 Qc7 7. Bc4 Bf5 8.
O-O e6 9. Ne5 Bd6 10. Bf4 O-O 11. Bd3 Bxd3 12. Qxd3 Nbd7 13. Nxd7 Qxd7 14. Bg5
Be7 15. Bxf6 Bxf6 16. Rad1 Rad8 17. Ne2 Qd5 18. c4 Qd6 19. Qb3 Rd7 20. Rd3 Rfd8
21. Rfd1 c5 22. d5 Qe5 23. Nc3 Qf5 24. Qb5 Bd4 25. R1d2 e5 26. Nd1 e4 27. Ne3
Qg5 28. Rxd4 cxd4 29. Rxd4 f5 30. d6 Qf6 31. Qd5+ Rf7 32. c5 Kh8 33. Nc4 Rfd7
34. Ne5 g6 35. Nxd7 Rxd7 36. c6 bxc6 37. Qxc6 Qe6 38. Qd5 Qxd5 39. Rxd5 Kg7 40.
f3 exf3 41. gxf3 Kf6 42. Kf2 Ke6 43. Rd4 Rxd6 44. Rxd6+ Kxd6 45. Ke3 Ke5 46. f4+
Kd5 47. Kd3 h6 48. h4 Kc5 49. a3 a5 50. b3 Kd5 51. b4 axb4 52. axb4 h5 53. Kc3
Kd6 54. Kd4 Kc6 55. Ke5 g5 56. fxg5 {Black resigns} 1-0

[Event "Team 45 45 League T68"]
[Site "Internet Chess Club"]
[Date "2016.03.18"]
[Round "2"]
[White "noblitz-oblige"]
[Black "watkins"]
[Result "0-1"]
[WhiteElo "1539"]
[BlackElo "1664"]
[Opening "Sicilian: Canal-Sokolsky (Nimzovich-Rossolimo, Moscow) attack"]
[ECO "B51"]
[Time "05:00:34"]
[TimeControl "2700+45"]

1. e4 c5 2. Nf3 d6 3. Bb5+ Nd7 4. c4 Nf6 5. Nc3 e6 6. d4 cxd4 7. Nxd4 Be7 8. O-O
O-O 9. Be3 a6 10. Ba4 Nc5 11. Bc2 Qc7 12. f4 b6 13. b4 Ncd7 14. Qd3 g6 15. f5
Ne5 16. Qd1 Qxc4 17. Nce2 Nfg4 18. Bf4 Qxb4 19. h3 Nf6 20. Bxe5 dxe5 21. Nc6
Qc5+ {White resigns} 0-1

[Event "Team 45 45 League T68"]
[Site "Internet Chess Club"]
[Date "2016.03.16"]
[Round "2"]
[White "bobhill"]
[Black "achessman"]
[Result "0-1"]
[WhiteElo "1922"]
[BlackElo "1910"]
[Opening "Queen's bishop game"]
[ECO "D02"]
[Time "22:00:46"]
[TimeControl "2700+45"]

1. d4 d5 2. Nf3 Nf6 3. Bf4 e6 4. e3 Bd6 5. Bxd6 Qxd6 6. Bd3 O-O 7. O-O c5 8. c3
Nc6 9. Nbd2 e5 10. dxe5 Nxe5 11. Nxe5 Qxe5 12. Nf3 Qe7 13. Qe2 Bg4 14. h3 Bh5
15. Rad1 Ne4 16. Bb1 Rad8 17. g4 Bg6 18. Ne1 Qh4 19. Kg2 f5 20. Nf3 Qe7 21. Nh2
Qh4 22. Nf3 Qf6 23. Nd2 fxg4 24. hxg4 Qh4 25. Nxe4 dxe4 26. Rxd8 Rxd8 27. a3 Rf8
28. Ba2+ Kh8 29. Rh1 Qe7 30. Rh3 Qd7 31. Rg3 Rf3 32. Qc2 b5 33. c4 Rf8 34. cxb5
Qxb5 35. Bc4 Qb6 36. Qc3 Qd6 37. Ba2 Qd1 38. Qxc5 Qd8 39. Qxa7 Qf6 40. Qd4 Qxf2+
41. Kh3 Qf1+ 42. Kh4 h6 43. Qc3 Kh7 44. Bc4 Qh1+ 45. Rh3 Qg2 46. Qe5 Bf7 47. g5
Bxc4 48. gxh6 Qf2+ 49. Rg3 Qf6+ 50. Qxf6 gxf6 51. Rg7+ Kxh6 52. Rc7 Be2 53. Kg3
Kg5 54. Kf2 Bd3 55. b4 Ra8 56. Rc3 Kg4 57. Rb3 Rc8 58. b5 Rb8 59. a4 Rb6 60. Rb4
Kf5 61. Rd4 Ke5 62. Kg3 Rb8 63. Rb4 Kd5 64. Kf4 Kc5 65. Rd4 Rb6 66. Kf5 Rd6 67.
Rxd6 Kxd6 68. Kxf6 Bc4 69. Kf5 Bd5 70. Kf6 Ba8 71. Kf5 Kc5 72. Ke5 Kb4 73. Kd6
Kxa4 74. b6 Kb5 75. Kc7 Ka6 76. Kb8 Kxb6 77. Kxa8 Kc5 78. Kb7 Kc4 79. Kc6 Kd3
80. Kd5 Kxe3 81. Ke5 Kd3 82. Kf4 e3 83. Kf3 Kd2 {White resigns} 0-1

[Event "Team 45 45 League T68"]
[Site "Internet Chess Club"]
[Date "2016.03.20"]
[Round "2"]
[White "cityprosecutor"]
[Black "kidcobra"]
[Result "0-1"]
[WhiteElo "1775"]
[BlackElo "1871"]
[Opening "Sicilian defense"]
[ECO "B20"]
[Time "19:54:11"]
[TimeControl "2700+45"]

1. e4 c5 2. d3 b6 3. g3 Bb7 4. Bg2 Nf6 5. f4 d6 6. Nf3 Nc6 7. O-O e6 8. Nbd2 d5
9. e5 Ng4 10. Qe2 d4 11. Ne4 Nb4 12. h3 Nh6 13. g4 Qc7 14. a3 Nd5 15. c4 dxc3
16. bxc3 O-O-O 17. c4 Ne7 18. Nd6+ Rxd6 19. exd6 Qxd6 20. Bb2 Ng6 21. Ne5 Nxe5
22. Bxe5 Qd7 23. Bxb7+ Qxb7 24. Qf3 Qxf3 25. Rxf3 f6 26. Bc3 Kd7 27. Re1 Bd6 28.
Kf2 Re8 29. a4 Nf7 30. a5 e5 31. axb6 axb6 32. fxe5 Bxe5 33. Bxe5 Nxe5 34. Rfe3
Kd6 35. Ra1 Re7 36. Ke2 g6 37. Rf1 Re6 38. Kd2 Ke7 39. Re2 Kf7 40. Ref2 Rd6 41.
Rf3 Nxf3+ 42. Rxf3 Kg7 43. Re3 Kf7 44. Re1 h5 45. Ra1 hxg4 46. hxg4 g5 47. Ra7+
Kg6 48. Ke3 f5 49. gxf5+ Kxf5 50. Rg7 Rg6 51. Rf7+ Rf6 52. Rg7 g4 53. d4 cxd4+
54. Kxd4 Kf4 55. Kd3 Kf3 56. Re7 Rd6+ 57. Kc2 g3 58. Rf7+ Ke2 59. Rg7 Kf2 60.
Rf7+ Kg1 {White resigns} 0-1

[Event "Team 45 45 League T68"]
[Site "Internet Chess Club"]
[Date "2016.03.20"]
[Round "2"]
[White "Beetlejuice"]
[Black "Frankly"]
[Result "1/2-1/2"]
[WhiteElo "1815"]
[BlackElo "1771"]
[Opening "QGA: 3.e4"]
[ECO "D20"]
[Time "11:02:26"]
[TimeControl "2700+45"]

1. d4 d5 2. c4 dxc4 3. e4 e5 4. Nf3 exd4 5. Bxc4 Bb4+ 6. Nbd2 Nf6 7. O-O O-O 8.
e5 Nd5 9. Nb3 Nb6 10. Be2 Nc6 11. a3 Be7 12. Nbxd4 Nxd4 13. Qxd4 Be6 14. Qc3 Qd5
15. Be3 c5 16. Ng5 Bxg5 17. Bxg5 f6 18. Bf3 Qxe5 19. Qxe5 fxe5 20. Bxb7 Rab8 21.
Be4 Nc4 22. b4 cxb4 23. axb4 h6 24. Be7 Rf7 25. Bc5 Nd2 26. Rfe1 Nb3 27. Rxa7
Nxc5 28. Rxf7 Nxe4 29. Re7 Ng5 30. Rxe5 Rxb4 31. h4 Rxh4 32. R7xe6 Nxe6 33. Rxe6
{Game drawn by mutual agreement} 1/2-1/2

[Event "Team 45 45 League T68"]
[Site "Internet Chess Club"]
[Date "2016.03.19"]
[Round "2"]
[White "jjmolina"]
[Black "jonesey"]
[Result "1-0"]
[WhiteElo "1870"]
[BlackElo "1997"]
[Opening "Giuoco Pianissimo"]
[ECO "C55"]
[Time "15:12:43"]
[TimeControl "2700+45"]

1. e4 e5 2. Nf3 Nc6 3. Bc4 Nf6 4. d3 Bc5 5. h3 d6 6. c3 Be6 7. Nbd2 Qd7 8. O-O
g5 9. Nxg5 Rg8 10. Nxe6 fxe6 11. Qf3 Rg6 12. b4 Bb6 13. a4 a5 14. b5 Ne7 15. Bb3
d5 16. Ba3 O-O-O 17. Kh1 Rdg8 18. g3 Rh6 19. h4 Nh5 20. Qf7 Bxf2 21. Rxf2 Nxg3+
22. Kg2 Ngf5+ 23. Kf1 Nd6 24. Bxd6 Qxd6 25. h5 Kb8 26. Ke2 Ka7 27. Raf1 Qc5 28.
Rf6 Rxf6 29. Qxf6 Rg2+ 30. Rf2 Rg3 31. Nf1 Rh3 32. Qxe5 Qa3 33. Qxc7 Qxb3 34.
b6+ Ka6 35. Ng3 Nc6 36. exd5 exd5 37. Rf7 Qa2+ 38. Kf3 Ne5+ 39. Qxe5 Rh2 40. Ne2
{Black forfeits on time} 1-0

[Event "Team 45 45 League T68"]
[Site "Internet Chess Club"]
[Date "2016.03.19"]
[Round "2"]
[White "fledermaus"]
[Black "santiagoelawad"]
[Result "1/2-1/2"]
[WhiteElo "1920"]
[BlackElo "1989"]
[Opening "QGD Slav: 4.Nc3"]
[ECO "D15"]
[Time "16:04:35"]
[TimeControl "2700+45"]

1. d4 c6 2. c4 d5 3. Nf3 Nf6 4. Nc3 a6 5. c5 g6 6. Bf4 Bg7 7. e3 Bf5 8. Be2 O-O
9. O-O Nbd7 10. Nd2 e5 11. dxe5 Ne8 12. e4 Be6 13. exd5 cxd5 14. Nf3 Nxc5 15.
Qd4 Rc8 16. Rad1 Nd6 17. Qb4 Nf5 18. Nd4 Ne7 19. Rfe1 Qd7 20. Bf3 h6 21. Nxe6
fxe6 22. Be3 Qc6 23. Qg4 Nd7 24. Bd4 Kh7 25. Rd2 Nf5 26. Bd1 b5 27. Bc2 Rf7 28.
Bxf5 Rxf5 29. f4 Rcf8 30. Ne2 Qc4 31. a3 h5 32. Qh4 R8f7 33. Rc1 Qa4 34. Be3
Bxe5 35. g4 Bf6 36. Qh3 d4 37. gxf5 dxe3 38. fxg6+ Kxg6 39. Qxe3 e5 40. Nc3 Qxf4
41. Rg2+ Kh6 42. Re1 Bg5 43. Qxf4 exf4 44. Re6+ Nf6 45. Ne4 Bh4 46. Nxf6 Bxf6
47. Rf2 Kg5 48. Kf1 Bd4 49. Rf3 {Game drawn by mutual agreement} 1/2-1/2

[Event "Team 45 45 League T68"]
[Site "Internet Chess Club"]
[Date "2016.03.17"]
[Round "2"]
[White "VictorRed"]
[Black "Invicta-Knight"]
[Result "0-1"]
[WhiteElo "1741"]
[BlackElo "1618"]
[Opening "Scandinavian: Pytel-Wade variation"]
[ECO "B01"]
[Time "15:06:41"]
[TimeControl "2700+45"]

1. e4 d5 2. exd5 Qxd5 3. Nc3 Qd6 4. d4 g6 5. Nf3 Nh6 6. Bd3 Bg7 7. Ne4 Qb6 8. c3
Bg4 9. h3 Bxf3 10. Qxf3 Nd7 11. O-O Nf5 12. Ng5 Nd6 13. Re1 h6 14. Ne4 Nxe4 15.
Bxe4 c6 16. Qe2 O-O-O 17. Be3 Nf6 18. Bf3 Nd5 19. Bc1 e6 20. a3 Qc7 21. g3 Qd7
22. a4 h5 23. Bg5 f6 24. Bd2 e5 25. c4 Nc7 26. d5 Qxh3 27. dxc6 bxc6 28. Bxc6 h4
29. Bg2 Qe6 30. Ba5 Rd4 31. b3 hxg3 32. fxg3 Qg4 33. Qf2 Qh5 34. Bxc7 Kxc7 35.
Bf3 Qg5 36. Re4 Rhd8 37. Rxd4 Rxd4 38. Rc1 Qxc1+ {White resigns} 0-1

[Event "Team 45 45 League T68"]
[Site "Internet Chess Club"]
[Date "2016.03.18"]
[Round "2"]
[White "parrot9"]
[Black "pokerram"]
[Result "1-0"]
[WhiteElo "1738"]
[BlackElo "1641"]
[Opening "Sicilian: dragon, Yugoslav attack, Rauser variation"]
[ECO "B76"]
[Time "15:40:46"]
[TimeControl "2700+45"]

1. e4 c5 2. Nf3 d6 3. d4 cxd4 4. Nxd4 Nf6 5. Nc3 g6 6. f3 Bg7 7. Be3 Nc6 8. Qd2
O-O 9. O-O-O d5 10. exd5 Nxd5 11. Nxc6 bxc6 12. Bd4 Nxc3 13. Qxc3 Bxd4 14. Rxd4
Qc7 15. Bc4 Bb7 16. Rhd1 Rad8 17. h4 e5 18. Rxd8 Rxd8 19. Rxd8+ Qxd8 20. Qxe5
Qxh4 21. b3 Qh6+ 22. Kb1 Qf8 23. Qc7 Bc8 24. Qxa7 h5 25. Qc7 Qe8 26. Bxf7+ Qxf7
27. Qxc8+ Kh7 28. Qxc6 Qe7 29. a4 Qe1+ 30. Kb2 Qf2 31. Qc7+ Kh6 32. Qf4+ Kg7 33.
g3 Qe2 34. Qd4+ Kf7 35. f4 Qe7 36. Qc4+ Kf6 37. a5 Qa7 38. b4 Kf5 39. Qc5+
{Black resigns} 1-0